Description

b2gm

Replay - B2GM - TvZ - Gold 3 - Game 2

Build Order

Get SALT Encoding   

  12  0:00  SCV  
  13  0:12  SCV  
  14  0:18  Supply Depot  
  14  0:25  SCV  
  15  0:39  SCV  
  15  0:42  Barracks  
  16  0:46  Refinery  
  16  0:51  SCV  
  17  1:03  SCV  
  18  1:15  SCV  
  19  1:28  Orbital Command  
  19  1:41  Command Center  
  19  1:59  SCV  
  20  2:03  Factory  
  20  2:08  Barracks Tech Lab  
  20  2:15  Supply Depot  
  20  2:16  SCV  
  21  2:28  SCV  
  22  2:42  Refinery  
  23  2:49  Factory  
  23  2:53  Orbital Command  
  25  3:14  Siege Tank  
  25  3:16  Supply Depot  
  30  3:33  Barracks Reactor  
  32  3:36  Supply Depot  
  32  3:40  Hellion  
  36  3:49  Siege Tank  
  40  3:56  Supply Depot  
  42  4:15  Hellion x2  
  47  4:23  Siege Tank  
  53  4:36  Command Center  
  55  4:46  Hellion x2  
  59  4:53  Armory  
  59  4:55  Engineering Bay  
  61  5:02  Siege Tank  
  66  5:18  Refinery x2  
  68  5:25  Missile Turret x2  
  68  5:34  Hellion x2  
  76  5:51  Orbital Command  
  76  5:53  Terran Vehicle Weapons Level 1  
  76  5:54  Thor  
  76  5:55  Armory  
  86  6:15  Hellion x2  
  90  6:22  Command Center  
  92  6:33  Orbital Command  
  94  6:45  Terran Vehicle And Ship Armor Level 1  
  96  6:52  Factory x3  
  96  6:57  Hellion  
  96  6:58  Factory  
  104  7:15  Missile Turret  
  104  7:17  Thor  
  95  7:37  Starport  
  95  7:41  Command Center  
  102  8:00  Thor  
  102  8:05  Terran Vehicle Weapons Level 2  
  108  8:12  Factory Tech Lab x3  
  110  8:13  Factory Reactor  
  110  8:18  Starport Tech Lab  
  112  8:29  Missile Turret  
  112  8:31  Planetary Fortress  
  122  8:42  Missile Turret  
  122  8:43  Raven  
  122  8:45  Terran Vehicle And Ship Armor Level 2  
  122  8:47  Hellbat x3  
  126  9:03  Orbital Command  
  126  9:04  Missile Turret  
  126  9:09  Command Center  
  117  9:35  Thor x2  
  130  9:49  Missile Turret  
Spawning Tool Build Advisor. Get it on Overwolf

Go to:

Details

  • Created by: imlubko
  • Published on: Feb 06, 2020
  • Modified on: Feb 06, 2020
  • Patch: 4.11.0
Show
View Real Time Build Order
Export as new Build Order

Comments (0)

There are no comments. Be the first!

Create an account to comment!